 Dungeon Crawl Stone Soup version 0.22.1-2-g9c5b331 (webtiles) character file.

79 kaesh the Ducker (level 4, 0/23 HPs)
             Began as a Spriggan Berserker on Dec 1, 2018.
             Was a Believer of Trog.
             Slain by a scorpion (8 damage)
             ... on level 5 of the Dungeon.
             The game lasted 00:05:40 (2328 turns).

kaesh the Ducker (Spriggan Berserker)               Turns: 2328, Time: 00:05:41

Health: 0/23       AC:  3    Str: 18      XL:     4   Next: 17%
Magic:  4/4        EV: 25    Int:  8      God:    Trog [**....]
Gold:   86         SH:  0    Dex: 16 (17) Spells: 3/3 levels left

rFire    . . .     SeeInvis +   a - +1 short sword
rCold    . . .     Gourm    .   (shield restricted)
rNeg     . . .     Faith    .   h - +1 robe
rPois    .         Spirit   .   (helmet restricted)
rElec    .         Reflect  .   (no cloak)
rCorr    .         Harm     .   (gloves unavailable)
MR       .....                  (boots unavailable)
Stlth    +.........             (no amulet)
HPRegen  0.07/turn              d - +4 ring of strength
MPRegen  0.09/turn              k - +4 ring of evasion

@: very quick
A: very small, unfitting armour, see invisible, agile 1, deterioration 1,
herbivore, speed 3, low mp 1, sense surroundings 1, slow metabolism 2
a: Berserk, Trog's Hand, Renounce Religion


You were on level 5 of the Dungeon.
You worshipped Trog.
Trog was pleased with you.
You were not hungry.

You visited 1 branch of the dungeon, and saw 4 of its levels.

You collected 86 gold pieces.

Inventory:

Hand Weapons
 a - a +1 short sword (weapon)
Armour
 h - a +1 robe (worn)
Jewellery
 d - a +4 ring of strength (left hand)
 k - a +4 ring of evasion (right hand)
Scrolls
 e - 3 scrolls of identify
 g - 2 scrolls of remove curse
 j - a scroll of teleportation
Potions
 b - a potion of curing
 f - a potion of magic
 i - a potion of haste
Comestibles
 c - 2 rations


   Skills:
 + Level 2.9 Fighting
 + Level 4.5 Short Blades
 + Level 5.3 Dodging


You had 3 spell levels left.
You didn't know any spells.
Your spell library was empty.

Dungeon Overview and Level Annotations

Branches:
Dungeon (3/15)

Altars:
Makhleb
Wu Jian


Innate Abilities, Weirdness & Mutations

You are very small and have problems with some larger weapons.
You are too small for most types of armour.
You have supernaturally acute eyesight. (SInv)
You are a herbivore.
You cover ground extremely quickly.
You need to consume almost no food.
You are agile. (Dex +2)
Your body sometimes deteriorates upon taking damage.
Your magical capacity is low. (-10% MP)
You passively map a small area around you.


Message History

You're too confused to move!
The adder bites you.
Your body deteriorates!
You feel clumsy. The scorpion completely misses you. The orc misses you.
The leopard gecko completely misses you.
The adder completely misses you.
You hit the scorpion.
The scorpion is moderately wounded.
You feel less confused. The scorpion barely misses you.
The leopard gecko misses you. The adder barely misses you.
The orc completely misses you.
You hit the scorpion but do no damage.
The scorpion is moderately wounded.
The leopard gecko closely misses you. The scorpion completely misses you.
The adder completely misses you.
You barely miss the scorpion.
The scorpion is moderately wounded.
The orc completely misses you.
The leopard gecko completely misses you.
The adder bites you. The scorpion stings you!
You die...

, , .#.. ..#
.#[..#,..# , ,
..#...#..#* ,
...#...#.# ,
.........# + , * ,
#..S#...# ..
..#,..#...#Ss# .a,
.. #..(#..$#@# *
..#...#Z..#...#lo#
*
.#...#...#...#ocO#
**,
...5.........s5rs#
...#...#...#...#Z#
,
..#...#...#...#..#
#...#(..#...#...#
, ,
..#...#...#...#..#
...#...#...#.s.#.#


You could see an ogre, a centaur, 2 scorpions, an orc wizard (invisible), an
adder, a shadow imp, an orc, a leopard gecko, a quokka, a giant cockroach and an
adder skeleton.

Vanquished Creatures
  3 adders
  A worm (D:2)
  3 dart slugs
  A leopard gecko (D:1)
  8 bats
  2 giant cockroaches (D:2)
  2 hobgoblins (D:2)
  7 jackals (D:1)
  3 kobolds
  2 ball pythons (D:1)
  5 goblins
  3 rats
40 creatures vanquished.

Notes
Turn   | Place    | Note
-------+----------+-------------------------------------------
     0 | D:1      | kaesh the Spriggan Berserker began the quest for the Orb.
     0 | D:1      | Reached XP level 1. HP: 11/11 MP: 2/2
   552 | D:1      | Reached XP level 2. HP: 16/16 MP: 3/3
   869 | D:1      | Gained mutation: Your body sometimes deteriorates upon
                  | taking damage. [potion of mutation]
   869 | D:1      | Gained mutation: You passively map a small area around you.
                  | [potion of mutation]
   869 | D:1      | Gained mutation: Your magical capacity is low. (-10% MP)
                  | [potion of mutation]
   869 | D:1      | Gained mutation: You are agile. (Dex +2) [potion of
                  | mutation]
  1020 | D:1      | Reached XP level 3. HP: 17/19 MP: 3/3
  1030 | D:1      | Reached skill level 5 in Dodging
  1123 | D:2      | Reached ** piety under Trog
  1472 | D:2      | Found an ornate altar of the Wu Jian Council.
  1481 | D:2      | Found a burning altar of Makhleb.
  1742 | D:2      | Reached XP level 4. HP: 16/23 MP: 4/4
  2296 | D:3      | You fall through a shaft for 2 floors!
  2296 | D:5      | Entered Level 5 of the Dungeon
  2297 | D:5      | Noticed a soldier ant
  2302 | D:5      | Noticed an ogre
  2302 | D:5      | Noticed a centaur
  2328 | D:5      | Slain by a scorpion

Skill      XL: |  1  2  3 |
---------------+----------+-----
Short Blades   | 4 |  4.5
Dodging        | 5 |  5.3
Fighting       | |  2.9

Action                   |  1- 3 |  4- 6 || total
-------------------------+-------+-------++-------
Melee: Short sword       |   122 |    13 ||   135
Invok: Berserk           |     1 |       ||     1
  Use: Potion            |     4 |     1 ||     5
       Scroll            |     6 |     1 ||     7
 Stab: Sleeping          |       |     1 ||     1
Armor: Animal skin       |     2 |       ||     2
       Robe              |     3 |     2 ||     5
Dodge: Dodged            |   111 |    30 ||   141
